 Dungeon Crawl Stone Soup version 0.28.0 (webtiles) character file.

Game seed: 16952282060480875469

84 RighteousDevil the Skirmisher (level 4, -5/46 (50) HPs)
             Began as an Ogre Monk on Feb 13, 2022.
             Was the Champion of Ignis.
             Slain by an orc (8 damage)
             ... on level 3 of the Dungeon.
             The game lasted 00:03:40 (2274 turns).

RighteousDevil the Skirmisher (Ogre Monk)           Turns: 2274, Time: 00:03:41

HP:   -5/46 (50)    AC:  3    Str: 17    XL:     4   Next: 46%
MP:   4/4           EV:  8    Int: 11    God:    Ignis [******]
Gold: 84            SH:  6    Dex: 11    Spells: 3/3 levels left

rFire   + . .      SeeInvis .   a - +0 flail
rCold   . . .      Faith    .   i - +0 kite shield
rNeg    . . .      Spirit   .   b - +0 robe
rPois   .          Reflect  .   (helmet restricted)
rElec   .          Harm     .   (no cloak)
rCorr   .          Rampage  .   (gloves unavailable)
Will    .....                   (boots unavailable)
Stlth   ++........              (no amulet)
HPRegen 0.15/turn               (no ring)
MPRegen 0.09/turn               (no ring)

@: drained
A: large, unfitting armour, tough skin 1
a: Renounce Religion, Fiery Armour, Foxfire Swarm, Rising Flame


You were on level 3 of the Dungeon.
You worshipped Ignis.
Ignis was exalted by your worship.
You visited 1 branch of the dungeon, and saw 3 of its levels.

You collected 84 gold pieces.

Inventory:

Hand Weapons
 a - a +0 flail (weapon)
Armour
 b - a +0 robe (worn)
 i - a +0 kite shield (worn)
Jewellery
 k - a ring of see invisible
Wands
 l - a wand of acid (13)
Scrolls
 d - a scroll of blinking
 e - a scroll of immolation
Potions
 c - a potion of magic
 f - a potion of attraction {unknown}
 g - a potion of berserk rage {unknown}
 h - a potion of resistance {unknown}
 j - a potion of mutation {unknown}


   Skills:
 - Level 5.0 Fighting
 + Level 4.1 Maces & Flails
 - Level 2.6 Dodging
 - Level 1.4 Stealth
 + Level 0.2 Shields


You had 3 spell levels left.
You didn't know any spells.
Your spell library contained the following spells:

 Spells                   Type           Power      Damage    Failure   Level
 Gell's Gravitas          Tloc           0%         N/A       95%         3
 Lesser Beckoning         Tloc           0%         N/A       95%         3
 Teleport Other           Tloc           0%         N/A       95%         3


Dungeon Overview and Level Annotations

Branches:
Dungeon (3/15)

Altars:
The Shining One
Ignis

Annotations:
D:3 1 runed translucent door


Innate Abilities, Weirdness & Mutations

You are too large for most types of armour.
You have tough skin. (AC +1)


Message History

You kill the orc!
No reachable target in view!
No reachable target in view!
No reachable target in view!
Items here: (( )).
Items here: (( )).
l - a +0 flail
l - a +0 flail (weapon)
Adjust (i)tems, (s)pells, or (a)bilities?
l - a +0 flail (weapon)
Adjust to which letter? (? for menu, Esc to quit)
a - a +0 flail (weapon);
l - a +0 mace You drop a +0 mace.
You see here a wand of acid (13).
l - a wand of acid (13)
An orc is nearby!
Autopickup is now off.
Autopickup is now on.
No reachable target in view!
The orc hits you from afar with a +0 trident.
You block the orc's attack. The orc barely misses you.
The orc hits you from afar with a +0 trident!
The orc hits you from afar with a +0 trident!
The orc hits you from afar with a +0 trident.
The orc hits you with a +0 trident.
You hit the orc.
The orc is heavily wounded.
The orc hits you with a +0 trident.
* * * LOW HITPOINT WARNING * * *
You block the orc's attack.
You closely miss the orc.
The orc is heavily wounded.
The orc hits you with a +0 trident!
* * * LOW HITPOINT WARNING * * *
Okay, then.
You completely miss the orc.
The orc is heavily wounded.
The orc hits you with a +0 trident!
You die...

#.##.##.......#
#.......#.....#
#####.#####.##...
#.....# ## #.#
#.##.########
#.........).#####.#
#.≈≈≈≈≈≈≈≈≈......r#
#.≈.......≈.#######
#.≈.@≈≈≈≈.≈.#
#.≈.§o..≈...#########
#.≈.≈._.≈.≈..)...>...
#.≈.≈...≈.≈..#######.
#.≈.≈≈≈≈≈.≈....
#.≈.......≈..###
#.≈≈≈≈≈≈≈≈≈..#
#............#
#..#.####..#


You could see an orc.

Vanquished Creatures
  A killer bee zombie (D:3)
  An adder (D:2)
  2 dart slugs
  3 orcs (D:3)
  6 ball pythons
  4 bats
  An endoplasm (D:1)
  2 giant cockroaches (D:2)
  5 goblins
  3 hobgoblins
  3 quokkas
  4 frilled lizards
  5 kobolds
  4 rats (D:1)
44 creatures vanquished.

Notes
Turn   | Place    | Note
-------+----------+-------------------------------------------
     0 | D:1      | RighteousDevil the Ogre Monk began the quest for the Orb.
     0 | D:1      | Reached XP level 1. HP: 24/24 MP: 1/1
   129 | D:1      | Reached XP level 2. HP: 27/32 MP: 2/2
   223 | D:1      | Found a faded altar of an unknown god.
   237 | D:1      | Prayed at the altar of an unknown god.
   237 | D:1      | Became a worshipper of Ignis, the Dying Flame
   237 | D:1      | Reached ****** piety under Ignis
   834 | D:1      | Reached XP level 3. HP: 40/40 MP: 3/3
  1929 | D:3      | Reached skill level 5 in Fighting
  1929 | D:3      | Reached XP level 4. HP: 19/48 MP: 4/4
  2176 | D:3      | Found a runed translucent gate.
  2221 | D:3      | Found a glowing golden altar of the Shining One.
  2273 | D:3      | HP: 2/46 [orc (8)]
  2274 | D:3      | Slain by an orc

Illustrated notes

Levels and vault maps discovered:
D:1:      enne_arrival_octagon_isle, layout_loops_ring,
          nicolae_ecumenical_snake_handling
D:2:      layout_basic
D:3:      layout_loops_ring, mainiacjoe_overflow_24_doors, lemuel_round_altar,
          mainiacjoe_overflow_concentric_impassable, portal_sewer_entry_a,
          gammafunk_ghost_cemetery, minmay_cupped

Skill      XL: |  1  2  3 |
---------------+----------+-----
Maces & Flails | 3 4 |  4.1
Fighting       | 5 |  5.0
Dodging        | |  2.6
Stealth        | |  1.4
Shields        | |  0.2

Action                   |  1- 3 |  4- 6 || total
-------------------------+-------+-------++-------
Melee: Mace              |   128 |    12 ||   140
       Flail             |       |     3 ||     3
  Use: Scroll            |     5 |       ||     5
 Stab: Sleeping          |     7 |       ||     7
Armor: Robe              |    37 |     6 ||    43
Dodge: Dodged            |    78 |     9 ||    87
Block: Kite shield       |       |     6 ||     6
